 Dungeon Crawl Stone Soup version 0.28-a0-1190-g77e1c55843 (webtiles) character file.

Game seed: 3259613043440067317

49 Majang the Chopper (level 3, 18/31 HPs)
             Began as a Ghoul Gladiator on Dec 18, 2021.
             Was a Follower of Fedhas.
             Safely got out of the dungeon.
             The game lasted 00:06:12 (1164 turns).

Majang the Chopper (Ghoul Gladiator)                Turns: 1164, Time: 00:06:12

Health: 18/31      AC:  7    Str: 19    XL:     3   Next: 75%
Magic:  2/2        EV: 11    Int:  3    God:    Fedhas [*.....]
Gold:   40         SH:  0    Dex: 10    Spells: 2/2 levels left

rFire   + . .      SeeInvis .   a - +0 war axe
rCold   + . .      Faith    .   (no shield)
rNeg    + + +      Spirit   .   p - +0 ring mail
rPois   ∞          Reflect  .   c - +0 helmet
rElec   .          Harm     .   (no cloak)
rCorr   .          Rampage  .   (no gloves)
Will    .....                   i - +0 pair of boots
Stlth   ..........              (no amulet)
HPRegen 0.10/turn               g - ring of fire
MPRegen 0.08/turn               n - ring of protection from cold

@: no status effects
A: claws 1, cold resistance 1, negative energy resistance 3, inhibited
regeneration, torment resistance 2
a: Renounce Religion


You escaped.
You worshipped Fedhas.
Fedhas was aware of your devotion.
You visited 1 branch of the dungeon, and saw 2 of its levels.

You collected 62 gold pieces.
You spent 22 gold pieces at shops.

Inventory:

Hand Weapons
 a - a +0 war axe (weapon)
Missiles
 d - 2 throwing nets (quivered)
Armour
 b - a +0 leather armour
 c - a +0 helmet (worn)
 e - a +0 chain mail
 i - a +0 pair of boots (worn)
 p - a +0 ring mail (worn)
Jewellery
 g - a ring of fire (left claw)
 n - a ring of protection from cold (right claw)
Scrolls
 f - a scroll of noise {unknown}
 j - a scroll of holy word {unknown}
 k - 2 scrolls of teleportation {unknown}
 l - a scroll of amnesia {unknown}
 m - 2 scrolls of immolation {unknown}
Potions
 h - a potion of resistance
 o - a potion of might {unknown}


   Skills:
 + Level 3.0 Fighting
 * Level 3.7 Axes
 - Level 1.7 Throwing
 - Level 2.6 Dodging


You had 2 spell levels left.
You didn't know any spells.
Your spell library was empty.

Dungeon Overview and Level Annotations

Branches:
Dungeon (2/15)

Altars:
Fedhas

Shops:
D:1 ?:


Innate Abilities, Weirdness & Mutations

You thrive by killing the living.
You are immune to poison.
You have sharp fingernails.
Your flesh is cold resistant. (rC+)
You are immune to negative energy. (rN+++)
You do not regenerate when monsters are visible.
You are immune to unholy pain and torment.


Message History

HP restored.
k - 2 scrolls labelled KECSUE HILUQU (gained 1)
An adder comes into view.
The adder hisses angrily.
The adder bites you.
An adder is nearby!
You closely miss the adder. The adder bites you.
You miss the adder. The adder bites you. x2
You closely miss the adder. The adder misses you. The adder closely misses you.
You closely miss the adder. The adder closely misses you.
You closely miss the adder. The adder closely misses you.
The adder barely misses you.
You hit the adder.
The adder is heavily wounded.
The adder barely misses you. The adder bites you.
You barely miss the adder.
The adder is heavily wounded.
The adder barely misses you.
You hit the adder but do no damage.
The adder is heavily wounded.
The adder misses you. The adder bites you.
You completely miss the adder.
The adder is heavily wounded.
The adder misses you. The adder bites you.
You slash the adder!
You kill the adder!
Fedhas appreciates your contribution to the ecosystem.
Your Fighting skill increases to level 3!
Unknown command.
(D) Dungeon
Where to? (Enter - D:2, ? - help)
What level of the Dungeon? (default 1, ? - help)
There is an open door here.
There is an open door here.
A quokka comes into view.
There is an escape hatch in the ceiling here.
A mysterious force pulls you upwards. The hatch slams shut behind you.
There is a staircase leading out of the dungeon here.
Are you sure you want to leave the Dungeon?
This will make you lose the game!
You have escaped!

.......#
#.#...†.......#.#
########
#.#.###########.#
#.#...........#.#
#.#######.#.#.#.#
#...#.....#.#...#
##.########.#####
#..........^....#
#.##.##+)###.##.#
#.....@#.#......#
#################


There were no monsters in sight!

Vanquished Creatures
  An adder (D:2)
  A worm (D:1)
  2 dart slugs (D:1)
  2 endoplasms (D:1)
  A giant cockroach (D:1)
  5 goblins (D:1)
  A hobgoblin (D:1)
  5 ball pythons (D:1)
  6 bats (D:1)
  3 frilled lizards
  8 kobolds (D:1)
  A rat (D:1)
36 creatures vanquished.

Vanquished Creatures (others)
  4 fungi (D:1)
  A plant (D:1)
5 creatures vanquished.

Grand Total: 41 creatures vanquished

Notes
Turn   | Place    | Note
-------+----------+-------------------------------------------
     0 | D:1      | Majang the Ghoul Gladiator began the quest for the Orb.
     0 | D:1      | Reached XP level 1. HP: 17/17 MP: 0/0
   360 | D:1      | Reached XP level 2. HP: 16/25 MP: 1/1
   515 | D:1      | Found Moaf's Book Shop.
   526 | D:1      | Reached XP level 3. HP: 30/30 MP: 2/2
   794 | D:1      | Found Zonuwk's Magic Scroll Boutique.
   805 | D:1      | Bought a scroll of identify for 22 gold pieces
   851 | D:1      | Found a faded altar of an unknown god.
   863 | D:1      | Prayed at the altar of an unknown god.
   863 | D:1      | Became a worshipper of Fedhas Madash
   863 | D:1      | Reached * piety under Fedhas
  1164 | D:$      | Safely got out of the dungeon.

Illustrated notes

Levels and vault maps discovered:
D:1:      onia_arrival_mini_maze_b, layout_basic, serial_shops,
          nicolae_shop_statue_plus, shop,
          shapermc_ecumenical_altar_mp_urbaneastern, minmay_circled_x
D:2:      layout_loops_corners

Skill      XL: |  1  2  3 |
---------------+----------+-----
Axes           | 3 |  3.7
Fighting       | 3 |  3.0
Throwing       | |  1.7
Dodging        | |  2.6

Action                   || total
-------------------------++-------
Melee: War axe           ||   120
Throw: Throwing net      ||     2
  Use: Scroll            ||     1
 Stab: Held in net/web   ||     1
Armor: Leather armour    ||     9
       Chain mail        ||    42
       Ring mail         ||     5
Dodge: Dodged            ||    48

Table legend: (Time is in decaauts)
 A = Elapsed time spent in this place.
 B = Non-inter-level travel time spent in this place.
 C = Inter-level travel time spent in this place.
 D = Time resting spent in this place.
 E = Time spent auto-exploring this place.
 F = Levels seen in this place.
 G = Mean time per level.
                   A        B        C        D        E       F      G
               +--------+--------+--------+--------+--------+-----+--------+
         Total |   1203 |   1123 |     80 |    295 |    455 |   2 |  601.5 |
       Dungeon |   1203 |   1123 |     80 |    295 |    455 |   2 |  601.5 |
               +--------+--------+--------+--------+--------+-----+--------+

Top non-repeatable levels by time:
     D:1: 1093 daAuts
     D:2: 110 daAuts
